 Seeded DCSS version 0.30-a0-618-gd6c86c23d0 (webtiles) character file.

Game seed: 2573515689514601525 (custom seed)

12436 voltaire321 the Nimble (level 11, -21/86 HPs)
             Began as a Merfolk Gladiator on Jan 9, 2023.
             Was a Follower of the Shining One.
             Demolished by a komodo dragon (26 damage)
             ... on level 1 of the Lair of Beasts on Jan 10, 2023.
             The game lasted 00:37:27 (12622 turns).

voltaire321 the Nimble (Merfolk Gladiator)         Turns: 12622, Time: 00:37:28

Health: -21/86     AC: 12    Str: 15    XL:     11   Next: 93%
Magic:  18/18      EV: 23    Int:  8    God:    the Shining One [*.....]
Gold:   522        SH:  0    Dex: 19    Spells: 16/20 levels left

rFire   + . .      SeeInvis .    a - +0 trident
rCold   . . .      Faith    .    (no shield)
rNeg    . . .      Spirit   .    z - +3 leather armour {rPois}
rPois   +          Reflect  .    c - +1 helmet
rElec   .          Harm     .    g - +0 cloak
rCorr   .          Rampage  .    o - +0 pair of gloves
Will    .....                    p - +0 pair of boots
Stlth   +                        B - amulet of the acrobat
HPRegen 0.34/turn                t - +5 ring of evasion
MPRegen 0.16/turn                G - ring of protection from fire

@: glowing, studying Translocations
A: (nimble swimmer 2), mertail
a: Renounce Religion, Divine Shield


You were on level 1 of the Lair of Beasts.
You worshipped the Shining One.
The Shining One was aware of your devotion.
You visited 3 branches of the dungeon, and saw 12 of its levels.

You collected 522 gold pieces.

Inventory:

Hand Weapons
 a - a +0 trident (weapon)
Missiles
 d - 2 throwing nets
 e - a javelin
 h - 2 poisoned darts (quivered)
 i - 4 silver javelins
 m - a curare-tipped dart
Armour
 c - a +1 helmet (worn)
 g - a +0 cloak (worn)
 k - +0 acid dragon scales
 o - a +0 pair of gloves (worn)
 p - a +0 pair of boots (worn)
 q - +0 steam dragon scales
 x - a +0 ring mail of cold resistance
 z - a +3 leather armour of poison resistance (worn)
Jewellery
 f - a ring of ice
 n - an amulet of magic regeneration
 t - a +5 ring of evasion (left hand)
 B - an amulet of the acrobat (around neck)
 F - a ring of wizardry
 G - a ring of protection from fire (right hand)
Wands
 u - a wand of polymorph (7)
 y - a wand of flame (7)
 E - a wand of charming (8)
 H - a wand of acid (8)
Scrolls
 b - 7 scrolls of identify
 s - a scroll of fog
 I - 2 scrolls of enchant armour
Potions
 j - a potion of lignification
 l - a potion of curing
 r - 2 potions of heal wounds
 v - a potion of ambrosia
 w - a potion of haste {unknown}
 A - a potion of mutation {unknown}
 C - 2 potions of flight {unknown}
 D - a potion of brilliance {unknown}


   Skills:
 + Level 8.1 Fighting
 + Level 10.1 Polearms
 - Level 6.0 Throwing
 - Level 5.0 Armour
 + Level 10.2 Dodging
 - Level 5.0 Spellcasting
 - Level 5.0 Summonings
 + Level 7.8 Translocations
 + Level 4.8 Invocations


You had 16 spell levels left.
You knew the following spells:

 Your Spells              Type           Power      Damage    Failure   Level
a - Call Imp              Summ           10%        N/A       6%          2
b - Blink                 Tloc           28%        N/A       1%          2

Your spell library contained the following spells:

 Spells                   Type           Power      Damage    Failure   Level
 Lesser Beckoning         Tloc           28%        N/A       3%          3
 Momentum Strike          Conj/Tloc      16%        3d8       10%         2
 Magic Dart               Conj           8%         1d3       30%         1
 Mephitic Cloud           Conj/Pois/Air  2%         N/A       67%         3
 Alistair's Intoxication  Tmut/Pois      1%         N/A       100%        5
 Borgnjor's Vile Clutch   Necr/Erth      1%         N/A       100%        5
 Eringya's Noxious Bog    Tmut/Pois      1%         N/A       100%        6


Dungeon Overview and Level Annotations

Branches:
Dungeon (10/15)            Temple (1/1) D:6            Lair (1/5) D:10
    Orc: D:9-12

Altars:
Ashenzari
Cheibriados
Dithmenos
Elyvilon
Fedhas
Gozag
Hepliaklqana
Kikubaaqudgha
Makhleb
Nemelex Xobeh
Okawaru
Qazlal
Ru
Sif Muna
Trog
Uskayaw
Vehumet
Wu Jian
Xom
Yredelemnul
Zin
The Shining One

Shops:
D:5 *   D:8 :

Annotations:
D:10 Urug
Lair:1 3 runed translucent doors


Innate Abilities, Weirdness & Mutations

((You are very nimble when in or above water. (Stealth+, EV+, Speed+++)))
Your lower body shifts to a powerful aquatic tail in water.


Message History

The komodo dragon bites you!!
You hit the komodo dragon but do no damage.
You hit the komodo dragon.
The komodo dragon is lightly wounded.
The komodo dragon bites you!!
You barely miss the komodo dragon.
The komodo dragon is lightly wounded.
The komodo dragon completely misses you.
You hit the komodo dragon.
The komodo dragon is moderately wounded.
The komodo dragon completely misses you.
You puncture the komodo dragon!
The komodo dragon is moderately wounded.
The komodo dragon bites you.
You hit the komodo dragon but do no damage.
The komodo dragon is moderately wounded.
You hit the komodo dragon.
The komodo dragon is heavily wounded.
The komodo dragon bites you!
You hit the komodo dragon but do no damage.
The komodo dragon is heavily wounded.
The komodo dragon bites you!
You hit the komodo dragon but do no damage.
The komodo dragon is heavily wounded.
The komodo dragon bites you!!
* * * LOW HITPOINT WARNING * * *
You hit the komodo dragon.
The komodo dragon is heavily wounded.
The komodo dragon barely misses you.
You feel much better. The komodo dragon closely misses you.
You hit the komodo dragon.
The komodo dragon is heavily wounded.
You hit the komodo dragon but do no damage.
The komodo dragon is heavily wounded.
The komodo dragon bites you!!
* * * LOW HITPOINT WARNING * * *
You hit the komodo dragon.
The komodo dragon is heavily wounded.
The komodo dragon bites you!!
You die...

........#......
..............#
.............##
..............
#............ .
###............
#..P#..............
#(....l@...........
##.................
#.##.#..........(.
#####..........
#### ##.........
#..# ###
#.......... ##..#
#.# #..........
..###
#.#####†.........
...#
###.##...........


You could see a komodo dragon.

Vanquished Creatures
  Fannar (D:10)
  A black mamba (Lair:1)
  Joseph (D:9)
  A cane toad (Lair:1)
  A torpor snail (Lair:1)
  3 komodo dragons
  A hornet (D:10)
  4 blink frogs (Lair:1)
  Grinder (D:5)
  15 yaks
  2 basilisks (D:10)
  5 steam dragons
  5 wyverns
  5 water moccasins
  2 acid dragons
  A swamp drake (D:10)
  3 orc warriors
  2 sky beasts
  3 black bears
  5 ice beasts
  3 ogres
  3 centaurs
  2 kobold brigands
  2 gnoll sergeants
  3 scorpions
  A necrophage (D:6)
  5 bullfrogs
  7 wights
  5 killer bees (D:9)
  A howler monkey (D:9)
  4 orc priests
  7 hounds
  5 iguanas
  6 orc wizards
  15 gnolls
  8 adders
  2 shadow imps
  4 white imps
  A worm (D:5)
  A dart slug (D:3)
  27 orcs
  10 endoplasms
  3 giant cockroaches
  7 goblins
  12 hobgoblins
  8 kobolds
  5 quokkas
  10 ball pythons
  6 bats
  3 frilled lizards
  4 rats (D:1)
242 creatures vanquished.

Vanquished Creatures (collateral kills)
  An orc (D:10)
1 creature vanquished.

Vanquished Creatures (others)
  A komodo dragon (D:10)
  2 fungi (Lair:1)
3 creatures vanquished.

Grand Total: 246 creatures vanquished

Notes
Turn   | Place    | Note
-------+----------+-------------------------------------------
     0 | D:1      | voltaire321 the Merfolk Gladiator began the quest for the
                  | Orb.
     0 | D:1      | Reached XP level 1. HP: 16/16 MP: 1/1
   118 | D:1      | Reached XP level 2. HP: 20/23 MP: 2/2
   725 | D:1      | Reached XP level 3. HP: 26/28 MP: 3/3
  1831 | D:3      | Reached XP level 4. HP: 34/34 MP: 4/4
  2079 | D:3      | Reached skill level 1 in Armour
  2328 | D:4      | Identified a scroll of acquirement
  2328 | D:4      | Acquired a manual of Translocations
  2333 | D:4      | Learned a level 2 spell: Call Imp
  2335 | D:4      | Noticed a scorpion
  2343 | D:4      | Killed a scorpion
  2344 | D:4      | Reached XP level 5. HP: 41/41 MP: 5/5
  2354 | D:4      | Reached skill level 5 in Dodging
  2371 | D:4      | Reached skill level 5 in Polearms
  2380 | D:4      | Learned a level 2 spell: Blink
  2568 | D:4      | Noticed an ogre
  2583 | D:4      | Killed an ogre
  2584 | D:4      | Reached skill level 1 in Summonings
  2584 | D:4      | Reached XP level 6. HP: 47/47 MP: 5/7
  2626 | D:4      | Reached skill level 1 in Spellcasting
  2632 | D:4      | Reached skill level 1 in Translocations
  2886 | D:4      | Noticed a black bear
  2900 | D:4      | Killed a black bear
  2919 | D:4      | Reached XP level 7. HP: 38/53 MP: 9/9
  3171 | D:5      | Entered Level 5 of the Dungeon
  3171 | D:5      | Noticed Grinder
  3422 | D:5      | Found Pigag's Neck Hole.
  3441 | D:5      | Paralysed by Grinder for 2 turns
  3451 | D:5      | Killed Grinder
  3465 | D:5      | Reached XP level 8. HP: 60/60 MP: 11/11
  4398 | D:6      | Found a shadowy altar of Dithmenos.
  4511 | D:6      | Found an opulent altar of Gozag.
  4606 | D:6      | Reached skill level 5 in Fighting
  4751 | D:6      | Reached XP level 9. HP: 62/68 MP: 13/13
  5214 | D:6      | Found a staircase to the Ecumenical Temple.
  5236 | Temple   | Entered the Ecumenical Temple
  5790 | D:6      | Reached skill level 5 in Throwing
  6384 | D:6      | Reached skill level 5 in Translocations
  6748 | D:7      | Noticed a komodo dragon
  6769 | D:7      | Killed a komodo dragon
  6770 | D:7      | Reached XP level 10. HP: 13/76 MP: 15/15
  7771 | D:6      | Found a glowing golden altar of the Shining One.
  7771 | D:6      | Found a burning altar of Makhleb.
  7771 | D:6      | Found a snail-covered altar of Cheibriados.
  7782 | D:6      | Became a worshipper of the Shining One
  8197 | D:8      | Reached skill level 5 in Summonings
  8682 | D:8      | Reached skill level 1 in Invocations
  8724 | D:8      | Found Yttuaj's Book Shop.
  8883 | D:8      | Found a bloodstained altar of Trog.
  8883 | D:8      | Found an iron altar of Okawaru.
  9933 | D:9      | Reached XP level 11. HP: 66/83 MP: 18/18
 10628 | D:9      | Noticed Joseph
 10649 | D:9      | Killed Joseph
 10781 | D:10     | Entered Level 10 of the Dungeon
 10815 | D:10     | Reached * piety under the Shining One
 11048 | D:10     | Noticed Urug
 11214 | D:10     | Reached skill level 5 in Spellcasting
 11236 | D:10     | Noticed Fannar
 11261 | D:10     | Killed Fannar
 11969 | D:10     | Found a staircase to the Lair.
 11976 | Lair:1   | Entered Level 1 of the Lair of Beasts
 12066 | Lair:1   | Reached skill level 5 in Armour
 12185 | Lair:1   | Found a runed translucent gate.
 12185 | Lair:1   | Found a runed translucent gate.
 12186 | Lair:1   | Found a runed translucent gate.
 12278 | Lair:1   | Reached skill level 10 in Dodging
 12460 | Lair:1   | Reached skill level 10 in Polearms
 12622 | Lair:1   | Demolished by a komodo dragon

Illustrated notes

Levels and vault maps discovered:
D:1:      dpeg_arrival_windows_large_door, layout_basic
D:2:      minmay_inner_zag, layout_basic
D:3:      layout_rooms
D:4:      layout_cave_pools, small_statue_intersection
D:5:      layout_loops_ring, nicolae_shop_sticking_my_neck_out, uniq_grinder
D:6:      minmay_octagon_keep, layout_basic, nicolae_overflow_hidden_temple,
          temple_statues
D:7:      minmay_spotlight, layout_basic
D:8:      layout_loops_ring, grunt_temple_overflow_bloody_war, serial_shops,
          nicolae_take_the_stairs
D:9:      layout_basic, uniq_joseph
D:10:     layout_basic, erik_lair_dragon, uniq_urug, uniq_fannar
Temple:   hellmonk_temple_two_chambers
Lair:1:   layout_cave_shapes, gammafunk_ghost_necromancy,
          infiniplex_staircase_pool, grunt_megastairs_3, uniq_harold

Skill      XL: |  1  2  3  4  5  6  7  8  9 10 11 |
---------------+----------------------------------+-----
Fighting       | 3 4 5 6 8 |  8.1
Armour         | 1 2 3 4 5 |  5.0
Dodging        | 5 6 7 8 10 | 10.2
Throwing       | 3 4 5 6 |  6.0
Polearms       | 5 6 7 8 10 | 10.1
Summonings     | 1 2 3 4 5 |  5.0
Spellcasting   | 1 2 3 4 5 |  5.0
Translocations | 1 2 3 5 6 7 |  7.8
Invocations    | 2 4 |  4.8

Action                   |  1- 3 |  4- 6 |  7- 9 | 10-12 || total
-------------------------+-------+-------+-------+-------++-------
Melee: Trident           |   114 |   142 |   528 |   695 ||  1479
       Punch             |       |     1 |     6 |    13 ||    20
       Unarmed           |       |       |       |    14 ||    14
Throw: Dart              |       |    22 |    58 |    49 ||   129
       Throwing net      |       |     2 |     1 |     1 ||     4
 Cast: Blink             |       |       |     1 |     1 ||     2
Evoke: Wand              |       |       |       |     8 ||     8
  Use: Scroll            |       |    11 |     5 |     5 ||    21
       Potion            |       |       |     2 |     4 ||     6
 Stab: Sleeping          |     1 |     2 |       |     2 ||     5
Armor: Leather armour    |    11 |    31 |   108 |    93 ||   243
       Ring mail         |    16 |       |       |       ||    16
       Skin              |       |       |       |     2 ||     2
Dodge: Dodged            |    57 |   117 |   396 |   656 ||  1226

Table legend: (Time is in decaauts)
 A = Elapsed time spent in this place.
 B = Non-inter-level travel time spent in this place.
 C = Inter-level travel time spent in this place.
 D = Time resting spent in this place.
 E = Time spent auto-exploring this place.
 F = Levels seen in this place.
 G = Mean time per level.
                   A        B        C        D        E       F      G
               +--------+--------+--------+--------+--------+-----+--------+
         Total |  12496 |  12010 |    486 |   3110 |   5345 |  12 | 1041.3 |
       Dungeon |  11827 |  11341 |    486 |   2796 |   5328 |  10 | 1182.7 |
        Temple |     44 |     44 |      0 |      0 |      0 |   1 |   44.0 |
          Lair |    624 |    624 |      0 |    314 |     17 |   1 |  624.0 |
               +--------+--------+--------+--------+--------+-----+--------+

Top non-repeatable levels by time:
     D:6: 2303 daAuts
     D:7: 1541 daAuts
     D:8: 1397 daAuts
    D:10: 1159 daAuts
     D:5: 1156 daAuts
     D:9: 1030 daAuts
     D:4: 907 daAuts
     D:2: 900 daAuts
     D:1: 885 daAuts
  Lair:1: 624 daAuts
     D:3: 546 daAuts
  Temple: 44 daAuts
